 Dungeon Crawl Stone Soup version 0.31-a0-188-g5e087ee2ca (webtiles) character file.

Game seed: 794085616173583054

91 qw the Shooter (level 4, 0/25 HPs)
             Began as a Deep Elf Hunter on June 23, 2023.
             Slain by a gnoll
             ... wielding a +0 club
              (4 damage)
             ... on level 3 of the Dungeon.
             The game lasted 00:00:28 (1518 turns).

qw the Shooter (Deep Elf Hunter)                    Turns: 1518, Time: 00:00:29

Health: 0/25       AC:  5    Str: 10    XL:     4   Next: 34%
Magic:  6/6        EV: 11    Int: 14    God:
Gold:   231        SH:  0    Dex: 18    Spells: 3/3 levels left

rFire   . . .        Y - +0 shortbow
rCold   . . .        (shield currently unavailable)
rNeg    . . .        e - +0 ring mail
rPois   .            (no helmet)
rElec   .            (no cloak)
rCorr   .            (no gloves)
SInv    .            (no boots)
Will    .....        (no amulet)
Stlth   +            (no ring)
HPRegen 0.24/turn    (no ring)
MPRegen 0.10/turn

%: no passive effects
@: no status effects
A: no striking features
a: no special abilities


You were on level 3 of the Dungeon.
You visited 1 branch of the dungeon, and saw 3 of its levels.

You collected 231 gold pieces.


   Skills:
 - Level 1.5 Fighting
 + Level 7.8 Ranged Weapons
 - Level 2.4 Dodging
 - Level 1.2 Stealth


You had 3 spell levels left.
You didn't know any spells.
Your spell library was empty.

Inventory:

Hand Weapons
 Y - a +0 shortbow (weapon)
Armour
 e - a +0 ring mail (worn)
Potions
 b - a potion of ambrosia {unknown}
 d - 2 potions of curing
 g - a potion of brilliance {unknown}
 h - a potion of resistance {unknown}

Dungeon Overview and Level Annotations

Branches:
Dungeon (3/15)

Altars:


Message History

Enter note: You shoot an arrow.
The arrow hits the gnoll.
The gnoll is moderately wounded.
The gnoll hits you with a +0 club.
You shoot an arrow. The arrow hits the gnoll.
The gnoll is severely wounded.
The gnoll barely misses you.
You shoot an arrow. The arrow closely misses the gnoll.
The gnoll hits you but does no damage.
You shoot an arrow. The arrow closely misses the gnoll.
The gnoll hits you with a +0 club.
You shoot an arrow.
The arrow hits the gnoll but does no damage.
The gnoll is severely wounded.
The gnoll hits you with a +0 club. The gnoll barely misses you.
You shoot an arrow. The arrow hits the gnoll!
You kill the gnoll!
You start resting.
HP restored.
Done exploring.
(D) Dungeon
Where to? (* - list waypoints, Enter - D:3, ? - help)
What level of the Dungeon? (default 1, ? - help)
You climb downwards.
The ball python bites you but does no damage.
The ball python grabs you. The ball python constricts you.
The hobgoblin hits you. The gnoll closely misses you.
The gnoll hits you with a +0 club! The ball python barely misses you.
The ball python constricts you.
There is a stone staircase leading up, spattered with blood here.
You shoot an arrow.
The arrow barely misses the ball python.
The hobgoblin hits you but does no damage.
The gnoll hits you with a +0 club. The gnoll barely misses you.
The ball python closely misses you. The ball python constricts you.
You shoot an arrow. The arrow hits the ball python!
You kill the ball python!
The hobgoblin hits you. The hobgoblin closely misses you.
The gnoll hits you with a +0 club. x3
You die...

...............
...............
$..............
......$........
...............
.........[.....
......g........
......g@%......
......g.g....>.
...............
...............
...............
...............
...............
...............


You could see 2 gnolls and 2 hobgoblins.

Vanquished Creatures
  An iguana (D:2)
  A gnoll (D:2)
  A worm (D:2)
  A dart slug (D:2)
  6 ball pythons
  2 bats (D:2)
  2 endoplasms
  4 giant cockroaches
  6 goblins
  5 hobgoblins
  3 quokkas (D:2)
  4 frilled lizards
  6 kobolds
  4 rats
46 creatures vanquished.

Notes
Turn   | Place    | Note
-------+----------+-------------------------------------------
     0 | D:1      | qw the Deep Elf Hunter began the quest for the Orb.
     0 | D:1      | Reached XP level 1. HP: 12/12 MP: 3/3
     0 | D:1      | 0 ||| qw: Version: 0.3-a-9-g12657ce
     0 | D:1      | 0 ||| qw: Game counter: 4157
     0 | D:1      | 0 ||| qw: Always use a shield: true
     0 | D:1      | 0 ||| qw: God list: Okawaru
     0 | D:1      | 0 ||| qw: Allow faded altars: false
     0 | D:1      | 0 ||| qw: Do Orc after D:15 true
     0 | D:1      | 0 ||| qw: Do second Lair branch before Depths: true
     0 | D:1      | 0 ||| qw: Lair rune preference: random
     0 | D:1      | 0 ||| qw: Plans: Normal
     0 | D:1      | 0 ||| PLANNING D:1-11
   156 | D:1      | Reached XP level 2. HP: 16/16 MP: 4/4
   160 | D:1      | Reached skill level 6 in Ranged Weapons
   643 | D:1      | 643 ||| UPGRADING to +0 ring mail.
   653 | D:1      | 653 ||| DROPPING +0 leather armour.
   654 | D:1      | 654 ||| DRINKING 2 golden potions.
   655 | D:1      | 655 ||| DROPPING scroll of butterflies.
   740 | D:2      | Reached skill level 7 in Ranged Weapons
   740 | D:2      | Reached XP level 3. HP: 8/20 MP: 5/5
  1088 | D:2      | Reached XP level 4. HP: 25/25 MP: 6/6
  1438 | D:2      | 1438 ||| READING 2 scrolls labelled FAOLALO ZAAF NIX.
  1439 | D:2      | 1439 ||| READING scroll labelled NOSALIE UMYO.
  1440 | D:2      | 1440 ||| DROPPING scroll of amnesia.
  1459 | D:3      | 1459 ||| STAIRDANCE
  1518 | D:3      | HP: 4/25 [gnoll/+0 club (5)]
  1518 | D:3      | Slain by a gnoll

Levels and vault maps discovered:
D:1:      dpeg_arrival_rhombus, layout_basic
D:2:      minmay_chambers_of_twos, layout_loops_cross, grunt_ministairs_3
D:3:      layout_basic, dilly_ecumenical_altar_fadedgnrine,
          corexii_leaking_fountain, minmay_distorted, uniq_crazy_yiuf_cottage

Skill      XL: |  1  2 |
---------------+-------+-----
Ranged Weapons | 7 |  7.8
Fighting       | |  1.5
Dodging        | |  2.4
Stealth        | |  1.2

Action                     |  1- 3 |  4- 6 || total
---------------------------+-------+-------++-------
   Fire: Shortbow          |    74 |    38 ||   112
    Use: Potion            |     1 |       ||     1
         Scroll            |       |     2 ||     2
 Armour: Ring mail         |     7 |     7 ||    14
  Dodge: Dodged            |    10 |    16 ||    26

Table legend:
 A = Non-vault XP
 B = Vault XP
 C = Vault XP percentage of total XP
 D = Non-vault monster count
 E = Vault monster count
 F = Vault count percentage of total count
                 A         B        C        D         E       F
            +---------+---------+-------+---------+---------+-------
      Total |      76 |      56 |  42.4 |      36 |      10 |  21.7
            +---------+---------+-------+---------+---------+-------
        D:1 |      31 |       0 |   0.0 |      17 |       0 |   0.0
        D:2 |      44 |      56 |  56.0 |      18 |      10 |  35.7
        D:3 |       1 |       0 |   0.0 |       1 |       0 |   0.0
            +---------+---------+-------+---------+---------+-------
